 Dungeon Crawl Stone Soup version 0.31-a0-40-g1d5085d191 (webtiles) character file.

Game seed: 4843182966159815557

370 pk666 the Magician (level 6, -12/32 HPs)
             Began as a Deep Elf Fire Elementalist on May 18, 2023.
             Was an Initiate of Vehumet.
             Mangled by Edmund
             ... wielding a +1 dire flail of distortion
              (14 damage)
             ... on level 4 of the Dungeon.
             The game lasted 00:05:07 (3889 turns).

pk666 the Magician (Deep Elf Fire Elementalist)     Turns: 3889, Time: 00:05:07

Health: -12/32     AC: -2    Str:  5    XL:     6   Next: 42%
Magic:  5/15       EV: 14    Int: 24    God:    Vehumet [......]
Gold:   170        SH:  0    Dex: 15    Spells: 8/15 levels left

rFire   . . .        q - +0 dagger (venom)
rCold   + + .        (no shield)
rNeg    . . .        a - +0 robe
rPois   +            (no helmet)
rElec   +            y - scarf {rC+ rF+}
rCorr   .            (no gloves)
SInv    .            (no boots)
Will    .....        (no amulet)
Stlth   ++           v - ring "Ujycs" {Ice *Corrode rElec rPois Int+2}
HPRegen 0.25/turn    x - ring of wizardry
MPRegen 0.14/turn

%: corrode self (3%), wizardry (x1)
@: corroded
A: no striking features
a: Renounce Religion


You were on level 4 of the Dungeon.
You worshipped Vehumet.
Vehumet was noncommittal.
You visited 2 branches of the dungeon, and saw 5 of its levels.

You collected 170 gold pieces.

Inventory:

Hand Weapons
 q - a +0 dagger of venom (weapon)
Armour
 a - a +0 robe (worn)
 y - a scarf of resistance (worn)
Jewellery
 v - the ring "Ujycs" (left hand) {Ice *Corrode rElec rPois Int+2}
   (You found it on level 3 of the Dungeon)

   [ring of ice]

   It enhances your ice magic.
   Int:       It affects your intelligence (+2).
   rF:        It makes you vulnerable to fire.
   rC:        It protects you from cold.
   rElec:     It insulates you from electricity.
   rPois:     It protects you from poison.
   *Corrode:  It may corrode you when you take damage.
 x - a ring of wizardry (right hand)
Scrolls
 c - a scroll of fear {unknown}
 d - a scroll of noise {unknown}
 f - 4 scrolls of identify {unknown}
 h - a scroll of silence {unknown}
 j - a scroll of magic mapping {unknown}
 o - 2 scrolls of immolation {unknown}
 r - 3 scrolls of acquirement {unknown}
 s - a scroll of teleportation {unknown}
 u - a scroll of poison {unknown}
 w - 2 scrolls of amnesia {unknown}
Potions
 b - a potion of magic
 e - 2 potions of lignification {unknown}
 g - 2 potions of haste {unknown}
 i - a potion of mutation {unknown}
 k - 2 potions of curing {unknown}
 l - a potion of flight {unknown}
 m - 2 potions of heal wounds {unknown}
 n - a potion of degeneration {unknown}
 p - 2 potions of ambrosia {unknown}
 t - 2 potions of berserk rage {unknown}
 z - a potion of brilliance {unknown}


   Skills:
 + Level 4.5 Dodging
 - Level 2.4 Stealth
 + Level 5.2 Spellcasting
 + Level 3.6 Conjurations
 + Level 4.8 Fire Magic


You had 8 spell levels left.
You knew the following spells:

 Your Spells              Type           Power      Damage    Failure   Level
a - Foxfire               Conj/Fire      100%       2x1d9     1%          1
b - Scorch                Fire           58%        2d7       1%          2
c - Flame Wave            Conj/Fire      26%        2d8       6%          4

Your spell library contained the following spells:

 Spells                   Type           Power      Damage    Failure   Level
 Beastly Appendage        Tmut           12%        N/A       3%          1
 Sandblast                Erth           12%        2d6       3%          1
 Inner Flame              Hex/Fire       18%        N/A       4%          3
 Stone Arrow              Conj/Erth      30%        3d8       4%          3
 Volatile Blastmotes      Fire/Tloc      36%        2d13      4%          3
 Passwall                 Tmut/Erth      5%         N/A       5%          2
 Wereblood                Tmut           6%         N/A       5%          2
 Spider Form              Tmut/Pois      6%         N/A       11%         3
 Tukima's Dance           Hex            6%         N/A       11%         3
 Animate Dead             Necr           6%         N/A       32%         4
 Passage of Golubria      Tloc           6%         N/A       32%         4
 Summon Forest            Summ/Tloc      3%         N/A       65%         5
 Yara's Violent Unravell  Hex/Tmut       3%         3d4       65%         5
 Eringya's Noxious Bog    Tmut/Pois      3%         N/A       99%         6
 Haunt                    Necr/Summ      3%         N/A       100%        7
 Summon Hydra             Summ           3%         N/A       100%        7
 Infestation              Necr           3%         N/A       100%        8


Dungeon Overview and Level Annotations

Branches:
Dungeon (4/15)             Temple (1/1) D:4

Altars:
Cheibriados
Dithmenos
Elyvilon
Fedhas
Gozag
Hepliaklqana
Kikubaaqudgha
Makhleb
Nemelex Xobeh
Okawaru
Ru
Sif Muna
Trog
Uskayaw
Vehumet
Xom
Zin
The Shining One

Shops:
D:2 *

Annotations:
D:2 1 runed translucent door, Crazy Yiuf
D:4 Edmund


Message History

Casting: Foxfire (safe; 1% risk of failure)
Confirm with . or Enter, or press ? or * to list all spells.
You miscast Foxfire.
You are very lightly contaminated with residual magic.
Nothing appears to happen.
Casting: Foxfire (safe; 1% risk of failure)
Confirm with . or Enter, or press ? or * to list all spells.
You conjure some foxfire!
The foxfire hits Edmund but does no damage.
Edmund is moderately wounded.
The foxfire hits Edmund.
Edmund is moderately wounded.
Flames lash Edmund but do no damage.
Casting: Scorch (safe; 1% risk of failure)
Confirm with . or Enter, or press ? or * to list all spells.
You conjure some foxfire!
Edmund hits you with a +1 dire flail of distortion!
Your corrosive artefact corrodes you!
Space warps around you.
The foxfire hits Edmund but does no damage.
Edmund is moderately wounded.
The foxfire hits Edmund but does no damage.
Edmund is moderately wounded.
Edmund closely misses you.
Casting: Foxfire (safe; 1% risk of failure)
Confirm with . or Enter, or press ? or * to list all spells.
The spell is quite dangerous to miscast (6% risk of failure)!
Continue anyway?
Casting: Flame Wave (quite dangerous; 6% risk of failure)
Press: ? - help, Dir - look around, f - activate A wave of flame ripples out!
The flame wave engulfs Edmund.
Edmund is heavily wounded. (Press . to intensify the flame waves.) Edmund hits you with a +1 dire flail of distortion!
* * * LOW HITPOINT WARNING * * *
Space warps around you.
* * * LOW HITPOINT WARNING * * *
Your magical contamination has completely faded away.
A wave of flame ripples out!
The flame wave engulfs Edmund!
Edmund is severely wounded.
Edmund hits you with a +1 dire flail of distortion!
You die...

.#.#.#.#. #.#
#.#.#.#. .# #.#
.#+#.#. #.# #.#
#.. #.
.#.####### #.#
#... .........#
#.# ..
.....!...# #.#
# .....=...#
#.# #
#.....@..# #.#
#
#....|.@.####.#
#
#........'....#
#
#........######
# #........# #
.........# #
.#.#+##### # #.
# # #


You could see Edmund.

Vanquished Creatures
  Sigmund (D:2)
  An orc priest (Temple)
  Robin (D:2)
  5 gnolls
  2 adders
  A worm (D:4)
  4 dart slugs
  5 orcs (D:4)
  5 ball pythons
  3 endoplasms
  5 giant cockroaches
  13 goblins
  10 hobgoblins
  3 jackals (D:1)
  6 quokkas
  7 bats
  A frilled lizard (D:3)
  5 kobolds
  3 rats (D:1)
81 creatures vanquished.

Vanquished Creatures (others)
  194 foxfires
194 creatures vanquished.

Grand Total: 275 creatures vanquished

Notes
Turn   | Place    | Note
-------+----------+-------------------------------------------
     0 | D:1      | pk666 the Deep Elf Fire Elementalist began the quest for
                  | the Orb.
     0 | D:1      | Reached XP level 1. HP: 10/10 MP: 6/6
   113 | D:1      | You fall into a shaft and drop 1 floor!
   203 | D:2      | Noticed Sigmund
   215 | D:2      | Killed Sigmund
   216 | D:2      | Reached skill level 4 in Spellcasting
   216 | D:2      | Reached XP level 2. HP: 9/15 MP: 1/9
   216 | D:2      | Reached XP level 3. HP: 11/19 MP: 1/11
   216 | D:2      | Reached XP level 4. HP: 15/24 MP: 1/12
   216 | D:2      | Reached XP level 5. HP: 17/28 MP: 1/13
   219 | D:2      | Learned a level 2 spell: Scorch
   224 | D:2      | Learned a level 4 spell: Flame Wave
   461 | D:2      | Found Jaf Irr's Assorted Antiques.
   654 | D:2      | Noticed Robin
   666 | D:2      | Killed Robin
  1105 | D:2      | Found a runed translucent door.
  1106 | D:2      | Noticed Crazy Yiuf
  2457 | D:3      | Identified the ring "Ujycs" {Ice *Corrode rElec rPois
                  | Int+2}
  2666 | D:3      | Reached XP level 6. HP: 32/32 MP: 12/15
  2771 | D:3      | Reached skill level 5 in Spellcasting
  3504 | D:4      | Found a staircase to the Ecumenical Temple.
  3532 | Temple   | Entered the Ecumenical Temple
  3642 | Temple   | Became a worshipper of Vehumet
  3879 | D:4      | Noticed Edmund
  3888 | D:4      | HP: 1/32 [Edmund/+1 dire flail of distortion (5)]
  3889 | D:4      | Mangled by Edmund

Illustrated notes

Levels and vault maps discovered:
D:1:      lemuel_arrival_behind_the_door_large, layout_basic
D:2:      kennysheep_big_flooded_room, layout_rooms, serial_shops, shop,
          patterned_corridor, uniq_sigmund, uniq_crazy_yiuf_cottage, uniq_robin
D:3:      layout_loops_corners
D:4:      layout_basic, minmay_temple_entry_mist, uniq_edmund
Temple:   regret_index_temple_chain_breaker

Skill      XL: |  1  2  3  4  5  6 |
---------------+-------------------+-----
Dodging        | 3 4 |  4.5
Spellcasting   | 4 5 |  5.2
Conjurations   | 2 3 |  3.6
Fire Magic     | 4 |  4.8
Stealth        | |  2.4

Action                     |  1- 3 |  4- 6 || total
---------------------------+-------+-------++-------
  Melee: Dagger            |       |     1 ||     1
   Cast: Foxfire           |    16 |   107 ||   123
         Scorch            |       |    35 ||    35
         Flame Wave        |       |     1 ||     1
    Use: Potion            |       |     1 ||     1
 Armour: Robe              |     1 |     1 ||     2
  Dodge: Dodged            |     5 |    36 ||    41

Table legend: (Time is in decaauts)
 A = Elapsed time spent in this place.
 B = Non-inter-level travel time spent in this place.
 C = Inter-level travel time spent in this place.
 D = Time resting spent in this place.
 E = Time spent auto-exploring this place.
 F = Levels seen in this place.
 G = Mean time per level.
                   A        B        C        D        E       F      G
               +--------+--------+--------+--------+--------+-----+--------+
         Total |   3891 |   3667 |    224 |    309 |   2849 |   5 |  778.2 |
       Dungeon |   3632 |   3426 |    206 |    219 |   2721 |   4 |  908.0 |
        Temple |    258 |    240 |     18 |     90 |    128 |   1 |  258.0 |
               +--------+--------+--------+--------+--------+-----+--------+

Top non-repeatable levels by time:
     D:1: 1207 daAuts
     D:2: 1056 daAuts
     D:3: 1052 daAuts
     D:4: 316 daAuts
  Temple: 258 daAuts
